 Dungeon Crawl Stone Soup version 0.31.0-32-g396128a36d (webtiles) character file.

Game seed: 2789560756399612495

129165 raph the Fencer (level 16, -11/151 HPs)
             Began as a Minotaur Monk on Mar 12, 2024.
             Was a High Priest of Okawaru.
             Mangled by a formless jellyfish (24 damage)
             ... on level 4 of the Shoals.
             The game lasted 00:47:15 (32678 turns).

raph the Fencer (Minotaur Monk)                    Turns: 32678, Time: 00:47:16

Health: -11/151    AC: 23    Str: 19    XL:     16   Next: 50%
Magic:  17/23      EV: 26    Int:  7    God:    Okawaru [*****.]
Gold:   1127       SH:  0    Dex: 24    Spells: 15/15 levels left

rFire   + + .        a - +0 great sword
rCold   + + +        (shield currently unavailable)
rNeg    + . .        m - +7 leather armour of the Zebra {rPois Int+2}
rPois   +            e - +2 hat
rElec   +            k - scarf {repulsion}
rCorr   +            K - +0 pair of gloves of the Ward {rF+ Will+ Str+3}
SInv    .            R - +2 pair of boots
Will    +....        J - amulet of regeneration
Stlth   ++           X - +4 ring of protection
HPRegen 1.25/turn    M - ring of Ziosecl Nila {Fly rC+++ rN+ Int-2 Dex+3}
MPRegen 0.18/turn

%: repel missiles
@: mighty, lit by a corona, resistant, weak-willed, afraid, heroic, finesse-ful,
flying, mesmerised, hasted, glowing, constricted, studying Armour, very quick
A: horns 2, retaliatory headbutt
a: Renounce Religion, Heroism, Finesse, Duel


You were on level 4 of the Shoals.
You worshipped Okawaru.
Okawaru was extremely pleased with you.
You visited 4 branches of the dungeon, and saw 26 of its levels.
You also visited: Gauntlet and Ice Cave.

You collected 3139 gold pieces.
You spent 2012 gold pieces at shops.

Inventory:

Hand Weapons
 a - a +0 great sword (weapon)
 b - a +1 scimitar of flaming
Missiles
 n - 46 poisoned darts
 y - 5 javelins
 D - 4 throwing nets
 U - 7 atropa-tipped darts
Armour
 e - a +2 hat (worn)
 k - a scarf of repulsion (worn)
 m - the +7 leather armour of the Zebra (worn) {rPois Int+2}
   (You found it on level 2 of the Dungeon)

   Int+2:     It affects your intelligence (+2).
   rPois:     It protects you from poison
 K - the +0 pair of gloves of the Ward (worn) {rF+ Will+ Str+3}
   (You found it in a Gauntlet)

   Str+3:     It affects your strength (+3).
   rF+:       It protects you from fire.
   Will+:     It increases your willpower.
 L - the +10 plate armour of Sin {MP+9 Str+4 Dex+3}
   (You bought it in a shop on level 2 of the Orcish Mines)

   Str+4:     It affects your strength (+4).
   Dex+3:     It affects your dexterity (+3).
   MP+9:      It affects your magic capacity (+9).
 R - a +2 pair of boots (worn)
Jewellery
 d - a +5 ring of evasion
 g - the ring of the Mage {Wiz Archmagi}
   (You found it in a Gauntlet)

   [ring of wizardry]

   Wiz:       It improves your spell success rate.
   Archmagi:  It increases the power of your magical spells.
 j - the ring of the Unbearable God {rC+ Int+6}
   (You found it in an ice cave)

   [ring of intelligence]

   Int+6:     It affects your intelligence (+6).
   rC+:       It protects you from cold.
 C - a ring of protection from fire
 J - an amulet of regeneration (around neck)
 M - the ring of Ziosecl Nila (right hand) {Fly rC+++ rN+ Int-2 Dex+3}
   (You found it in a Gauntlet)

   [ring of positive energy]

   Int-2:     It affects your intelligence (-2).
   Dex+3:     It affects your dexterity (+3).
   rC+++:     It renders you almost immune to cold.
   rN+:       It protects you from negative energy.
   Fly:       It grants you flight.
 O - a +5 ring of evasion
 X - a +4 ring of protection (left hand)
Wands
 s - a wand of digging (5)
 A - a wand of flame (8)
 B - a wand of mindburst (40)
 E - a wand of polymorph (26)
 H - a wand of iceblast (11)
 S - a wand of light (17)
Scrolls
 t - 4 scrolls of fear
 u - 4 scrolls of immolation
 v - 4 scrolls of teleportation
 w - a scroll of enchant armour
 G - 3 scrolls of enchant weapon
 I - a scroll of revelation
 P - a scroll of silence
 W - 3 scrolls of poison
 Y - 8 scrolls of identify
 Z - a scroll of amnesia
Potions
 f - a potion of magic
 h - 6 potions of haste
 i - 4 potions of berserk rage
 l - 11 potions of curing
 p - a potion of mutation
 q - a potion of enlightenment {unknown}
 r - 2 potions of resistance
 x - 4 potions of attraction
 F - a potion of might
 N - 6 potions of brilliance
 Q - 2 potions of invisibility
 T - 3 potions of ambrosia
Miscellaneous
 V - a lightning rod (inert)


   Skills:
 + Level 16.0(21.0) Fighting
 - Level 20.0(25.0) Long Blades
 + Level 11.2(16.2) Throwing
 + Level 12.4(17.4) Armour
 + Level 14.6(19.6) Dodging
 - Level 11.8 Invocations


You had 15 spell levels left.
You didn't know any spells.
Your spell library contained the following spells:

 Spells                   Type           Power      Damage    Failure   Level
 Magic Dart               Conj           0%         1d3       45%         1
 Blink                    Tloc           0%         N/A       61%         2
 Cigotuvi's Dreadful Rot  Necr/Alch/Air  0%         N/A       61%         2
 Ensorcelled Hibernation  Hex/Ice        0%         N/A       61%         2
 Jinxbite                 Hex            0%         N/A       61%         2
 Mercury Vapours          Alch/Air       0%         N/A       61%         2
 Scorch                   Fire           0%         2d5       61%         2
 Searing Ray              Conj           0%         2d4       61%         2
 Static Discharge         Conj/Air       0%         3-3/arc   61%         2
 Fugue of the Fallen      Necr           0%         N/A       83%         3
 Inner Flame              Hex/Fire       0%         N/A       83%         3
 Mephitic Cloud           Conj/Alch/Air  0%         N/A       83%         3
 Ozocubu's Armour         Ice            0%         N/A       83%         3
 Passwall                 Erth           0%         N/A       83%         3
 Swiftness                Air            0%         N/A       83%         3
 Airstrike                Air            0%         2d(0-16)  99%         4
 Anguish                  Hex/Necr       0%         N/A       99%         4
 Dimensional Bullseye     Hex/Tloc       0%         N/A       99%         4
 Flame Wave               Conj/Fire      0%         2d4       99%         4
 Fulminant Prism          Conj/Alch      0%         3d5       99%         4
 Ignite Poison            Fire/Alch      0%         N/A       99%         4
 Iskenderun's Mystic Bla  Conj/Tloc      0%         2d3       99%         4
 Manifold Assault         Tloc           0%         N/A       99%         4
 Olgreb's Toxic Radiance  Alch           0%         N/A       99%         4
 Passage of Golubria      Tloc           0%         N/A       99%         4
 Alistair's Intoxication  Alch           0%         N/A       100%        5
 Borgnjor's Vile Clutch   Necr/Erth      0%         N/A       100%        5
 Freezing Cloud           Conj/Ice/Air   0%         6-21      100%        5
 Irradiate                Conj/Alch      0%         3d11      100%        5
 Yara's Violent Unravell  Hex/Alch       0%         3d3       100%        5
 Eringya's Noxious Bog    Alch           0%         4d6       100%        6
 Enfeeble                 Hex            0%         N/A       100%        7
 Orb of Destruction       Conj           0%         9d5       100%        7
 Ozocubu's Refrigeration  Ice            0%         4d7       100%        7
 Discord                  Hex            0%         N/A       100%        8
 Ignition                 Fire           0%         3d3       100%        8
 Call Imp                 Summ           Unusable   N/A       N/A         2
 Tukima's Dance           Hex            Unusable   N/A       N/A         3
 Summon Blazeheart Golem  Fire/Summ      Unusable   N/A       N/A         4
 Summon Lightning Spire   Summ/Air       Unusable   N/A       N/A         4
 Summon Cactus Giant      Summ           Unusable   N/A       N/A         6
 Spellforged Servitor     Conj/Summ      Unusable   N/A       N/A         7

Dungeon Overview and Level Annotations

Branches:
Dungeon (15/15)            Temple (0/1) D:5            Lair (5/5) D:8
 Shoals (4/4) Lair:3       Spider (0/4) Lair:2        Slime (0/5) Lair:5
    Orc (2/2) D:11            Elf (0/3) Orc:2        Vaults (0/5) D:13
 Depths (0/4) D:15          IceCv (visited)         Gauntlet (visited)

Altars:
Ashenzari
Cheibriados
Elyvilon
Makhleb
Nemelex Xobeh
Okawaru
Qazlal
Sif Muna
Uskayaw
Yredelemnul
Zin
The Shining One
Jiyva

Shops:
D:4 ?=:   D:11 :   Orc:2 ?([:*   Shoals:1 ((::

Annotations:
Lair:2 exclusion: 3 oklob plants
Lair:4 exclusion: oklob plant


Innate Abilities, Weirdness & Mutations

You have a pair of horns on your head.
You reflexively headbutt those who attack you in melee.


Message History

The formless jellyfish constricts you. The merfolk completely misses you.
The alligator snapping turtle closely misses you.
The satyr plays a frightful melody on its pipes!
The satyr radiates an aura of fear!
The merfolk siren chants its luring song.
The merfolk aquamancer completely misses you.
The merfolk avatar chants its luring song.
The faun shoots a sling bullet.
The sling bullet hits you! The merfolk barely misses you.
You feel very mighty all of a sudden. The merfolk closely misses you.
The formless jellyfish closely misses you.
The formless jellyfish constricts you.
The merfolk hits you from afar with a +0 trident!
* * * LOW HITPOINT WARNING * * *
The merfolk aquamancer casts a spell at you.
The shard of ice is repelled.
The alligator snapping turtle bites you but does no damage.
The merfolk avatar chants its luring song.
The faun shoots a sling bullet.
The sling bullet misses you. The merfolk misses you.
You feel yourself speed up.
The merfolk hits you but does no damage.
The formless jellyfish misses you. The formless jellyfish constricts you.
* * * LOW HITPOINT WARNING * * *
The merfolk hits you but does no damage.
The merfolk siren chants its luring song.
The merfolk aquamancer misses you. You furiously retaliate!
You headbutt the merfolk aquamancer!
The satyr plays a rousing melody on its pipes!
The fauns go into a battle-frenzy!
The merfolk avatar chants its luring song.
The alligator snapping turtle bites you from afar!
* * * LOW HITPOINT WARNING * * *
The merfolk completely misses you.
Okay, then.
You slash the merfolk avatar!
The merfolk avatar is moderately wounded.
The merfolk completely misses you. The formless jellyfish stings you!!
You die...

≈≈≈≈≈≈≈≈≈≈≈≈~~~......
~≈≈≈≈≈≈≈≈≈≈≈≈≈~~~.).....
~~≈≈≈≈≈≈≈≈≈≈≈~)~†)<.(..$
~~≈≈≈≈≈≈≈≈≈≈≈~~~)c).....
.~≈≈≈≈≈≈≈≈≈≈≈~~.)†[..... ,
.~~≈≈≈≈≈≈≈≈≈~~†......... ~~~~.#
#.~~≈≈≈≈≈m≈≈≈~~~......... ~c~~.#
#.~~≈≈≈m≈m~cc~###........ ~~~~.#
..~~≈≈≈~@Jc##~~P~........ .....#
..~≈≈≈~~m.mc~P~~(.#(..... .....##
#.~≈≈~~mtcP~#~~~~.#......
§..~..##..~≈≈~~c...P#~~~~........
c§.§.....~~≈≈~~~.......φ...PP....
H§§§~..~~~~≈≈~(<..[)..(...# ...
.§§§~~~~~~≈~~~~[....#....
m.§~~~~~≈≈≈~~~~~....#....
§.~~≈≈≈≈≈≈≈≈~m~~.....PPP.


You could see an alligator snapping turtle, a formless jellyfish, a merfolk
avatar (mesmerising), 2 satyrs, a merfolk aquamancer, 3 merfolk, 4 fauns and a
merfolk siren (mesmerising).

Vanquished Creatures
  An orc warlord (Orc:2)
  A formless jellyfish (Shoals:3)
  A minotaur (Gauntlet)
  A white draconian (IceCv)
  A dire elephant (Lair:5)
  4 merfolk impalers
  2 fire dragons (D:15)
  Fannar (Lair:1)
  2 vault guards
  Erolcha (D:9)
  3 centaur warriors
  Erica (Lair:1)
  2 merfolk avatars
  6 hydras
  2 tengu warriors (D:13)
  A two-headed ogre (D:11)
  3 merfolk aquamancers
  3 boulder beetles
  5 satyrs
  A death scarab (Gauntlet)
  4 death yaks (Lair:4)
  3 orc high priests
  Nergalle (D:10)
  7 skysharks
  3 skeletal warriors (D:14)
  Lodul (D:13)
  9 sea snakes
  A death drake (Gauntlet)
  A spectral hydra (Gauntlet)
  2 arcanists (D:13)
  A necromancer (D:13)
  A lindwurm (Lair:4)
  A harpy (shapeshifter) (D:13)
  4 orc knights
  2 deep elf pyromancers (D:15)
  2 orc sorcerers (Orc:2)
  10 harpies
  22 fauns
  11 manticores
  3 ugly things (D:14)
  6 cyclopes
  Maurice (Orc:1)
  3 meliai (D:14)
  A centaur zombie (Gauntlet)
  A meliai (shapeshifter) (D:15)
  2 kobold blastminers (Orc:1)
  3 black mambas
  2 ice statues (IceCv)
  10 merfolk sirens
  6 elephants
  4 water nymphs
  11 cane toads
  A torpor snail (Lair:5)
  6 rime drakes
  A freezing wraith (D:15)
  7 komodo dragons
  An unseen horror (D:11)
  2 tengu conjurers (D:15)
  4 polar bears
  6 trolls
  A polar bear (shapeshifter) (D:14)
  The ghost of Tuss the Chopper, an amateur HuFi of Gozag (D:5)
  30 merfolk
  4 wind drakes
  A tarantella (Lair:2)
  Prince Ribbit (D:9)
  13 dream sheep
  7 blink frogs
  A culicivora (Lair:2)
  4 shadows (D:11)
  6 snapping turtles
  11 water elementals
  3 wraiths
  54 yaks
  19 humans (D:13)
  A golden eye (Lair:2)
  4 wargs
  5 wyverns
  5 basilisks
  3 steam dragons
  14 vampire mosquitoes
  2 acid dragons (Gauntlet)
  13 water moccasins
  A spectral hornet (Gauntlet)
  An ice beast (D:8)
  29 orc warriors
  A hornet zombie (Gauntlet)
  A swamp drake (D:11)
  3 black bears
  A sky beast (D:7)
  13 wolves
  4 centaurs
  9 ogres
  2 phantoms
  4 kobold brigands
  Blork the orc (Orc:2)
  8 bullfrogs
  2 scorpions (D:6)
  4 wights (D:9)
  4 killer bees (D:8)
  3 lindwurm simulacra (IceCv)
  3 howler monkeys (D:10)
  2 electric eels
  8 komodo dragon simulacra (IceCv)
  2 hounds
  3 jellies
  18 orc priests
  2 gnoll boudas
  2 iguanas
  19 orc wizards
  6 hell rats (Lair:4)
  4 acid dragon simulacra (IceCv)
  16 gnolls
  11 adders
  4 shadow imps
  2 white imps (D:6)
  6 steam dragon simulacra (IceCv)
  4 ufetubi
  3 ribbon worms
  A dart slug (D:2)
  78 orcs
  9 endoplasms
  2 giant cockroaches
  A giant cockroach (shapeshifter) (D:11)
  8 goblins
  8 hobgoblins
  4 jackals (D:5)
  2 quokkas
  12 ball pythons
  6 bats
  2 frilled lizards
  23 kobolds
  5 rats
779 creatures vanquished.

Vanquished Creatures (others)
  A merfolk aquamancer (Shoals:2)
  2 fauns (Shoals:4)
  A rime drake (IceCv)
  A tengu conjurer (D:15)
  A snapping turtle (Shoals:4)
  An orc warrior (Orc:2)
7 creatures vanquished.

Grand Total: 786 creatures vanquished

Notes
Turn   | Place    | Note
-------+----------+-------------------------------------------
     0 | D:1      | raph the Minotaur Monk began the quest for the Orb.
     0 | D:1      | Reached XP level 1. HP: 19/19 MP: 0/0
    94 | D:1      | Reached skill level 4 in Long Blades
   128 | D:1      | Reached XP level 2. HP: 27/27 MP: 1/1
   769 | D:2      | Identified the +7 leather armour of the Zebra {rPois Int+2}
   831 | D:2      | Reached XP level 3. HP: 33/33 MP: 2/2
  1073 | D:2      | Found a faded altar of an unknown god.
  1731 | D:3      | Reached skill level 5 in Long Blades
  1731 | D:3      | Reached XP level 4. HP: 40/40 MP: 3/3
  2357 | D:3      | Identified the +0 scale mail "Upnisel" {Fly Str+3}
  2456 | D:4      | Reached XP level 5. HP: 44/47 MP: 4/4
  2635 | D:4      | Found Ciduycom's Jewellery Shoppe.
  2687 | D:4      | Reached skill level 6 in Long Blades
  2696 | D:4      | Reached skill level 5 in Fighting
  2759 | D:4      | Found Faton's Magic Scroll Shoppe.
  2763 | D:4      | Bought a scroll of fear for 52 gold pieces
  2763 | D:4      | Bought 2 scrolls of identify for 52 gold pieces
  3038 | D:4      | Found an iron altar of Okawaru.
  3043 | D:4      | Became a worshipper of Warmaster Okawaru
  3043 | D:4      | Reached * piety under Okawaru
  3043 | D:4      | Reached ** piety under Okawaru
  3078 | D:5      | Entered Level 5 of the Dungeon
  3092 | D:5      | Reached XP level 6. HP: 56/56 MP: 5/5
  3205 | D:5      | Reached skill level 1 in Invocations
  3315 | D:5      | Reached skill level 7 in Long Blades
  3391 | D:5      | Reached skill level 5 in Dodging
  3391 | D:5      | Reached XP level 7. HP: 61/61 MP: 7/7
  3431 | D:5      | Found a staircase to the Ecumenical Temple.
  3909 | D:5      | Found a runed translucent gate.
  3909 | D:5      | Found a runed translucent gate.
  3910 | D:5      | Found a runed translucent gate.
  3915 | D:5      | Identified the +0 plate armour "Roucecw" {rElec}
  3916 | D:5      | Noticed Tuss's ghost (amateur HuFi)
  4192 | D:4      | Found Buthutyxt's Book Emporium.
  4393 | D:6      | Reached skill level 8 in Long Blades
  4514 | D:6      | Reached XP level 8. HP: 67/71 MP: 7/9
  4571 | D:6      | Reached *** piety under Okawaru
  4912 | D:6      | Reached skill level 9 in Long Blades
  5009 | D:6      | Reached **** piety under Okawaru
  5124 | D:6      | Reached skill level 10 in Long Blades
  5124 | D:6      | Reached XP level 9. HP: 64/79 MP: 11/11
  5697 | D:7      | Found a basalt altar of Yredelemnul.
  5828 | D:7      | Reached ***** piety under Okawaru
  5870 | D:7      | Found a hide-covered altar of Uskayaw.
  6040 | D:7      | Found a burning altar of Makhleb.
  6040 | D:7      | Noticed an Executioner
  6260 | D:8      | Found a glowing silver altar of Zin.
  6278 | D:8      | Found a staircase to the Lair.
  6346 | D:8      | Reached skill level 5 in Invocations
  6469 | D:8      | Found a stormy altar of Qazlal.
  6484 | D:8      | Reached skill level 11 in Long Blades
  6814 | D:8      | Found a broken altar of Ashenzari.
  7296 | D:9      | Noticed Erolcha
  7308 | D:9      | Killed Erolcha
  7309 | D:9      | Reached XP level 10. HP: 56/90 MP: 6/13
  7474 | D:9      | Noticed Prince Ribbit
  7486 | D:9      | Reached skill level 12 in Long Blades
  7489 | D:9      | Killed Prince Ribbit
  7722 | D:9      | Identified the flux talisman of Ethics {rC+ Dex+3 Stlth+}
  8000 | D:9      | Found a white marble altar of Elyvilon.
  8676 | Lair:1   | Entered Level 1 of the Lair of Beasts
  8765 | Lair:1   | Found the +4 skin of Zhor {*Englaciate rC+++ SInv}
  8784 | Lair:1   | Noticed Fannar
  8806 | Lair:1   | Killed Fannar
  8807 | Lair:1   | Reached skill level 13 in Long Blades
  8807 | Lair:1   | Reached skill level 1 in Throwing
  9066 | Lair:1   | Reached XP level 11. HP: 32/99 MP: 2/15
  9071 | Lair:1   | Reached skill level 10 in Fighting
  9089 | Lair:1   | Received a gift from Okawaru
  9289 | Lair:1   | Noticed Erica
  9836 | Lair:1   | Killed Erica
  9837 | Lair:1   | Reached skill level 14 in Long Blades
 10712 | Lair:2   | Noticed a skyshark
 10769 | Lair:1   | Killed a skyshark
 10850 | Lair:1   | Reached skill level 10 in Dodging
 11157 | Lair:2   | Noticed an oklob plant
 11170 | Lair:2   | Received a gift from Okawaru
 11274 | Lair:2   | Reached XP level 12. HP: 87/110 MP: 12/17
 11295 | Lair:2   | Found a hole to the Spider Nest.
 11305 | Lair:2   | Reached skill level 5 in Throwing
 12364 | Lair:3   | Found a staircase to the Shoals.
 13208 | Lair:4   | Reached skill level 15 in Long Blades
 13500 | Lair:4   | Identified the +3 rapier "Widowmaker" {pain, +Blink rC+++
                  | Str+2 Dex-2}
 14224 | Lair:5   | Entered Level 5 of the Lair of Beasts
 14224 | Lair:5   | Noticed a six-headed hydra
 14224 | Lair:5   | Noticed a seven-headed hydra
 14224 | Lair:5   | Noticed a death yak
 14224 | Lair:5   | Noticed a death yak
 14224 | Lair:5   | Noticed a death yak
 14224 | Lair:5   | Noticed a death yak
 14755 | Lair:4   | Killed a death yak
 14764 | Lair:4   | Killed a death yak
 14775 | Lair:4   | Killed a death yak
 14780 | Lair:4   | Killed a death yak
 14781 | Lair:4   | Reached XP level 13. HP: 115/119 MP: 17/19
 15507 | Lair:5   | Reached skill level 16 in Long Blades
 15519 | Lair:5   | Received a gift from Okawaru
 15765 | Lair:5   | Noticed a dire elephant
 15784 | Lair:5   | Killed a dire elephant
 15825 | Lair:5   | Reached skill level 10 in Invocations
 16049 | Lair:5   | Received a gift from Okawaru
 16452 | Lair:5   | Found a staircase to the Slime Pits.
 16452 | Lair:5   | Found a viscous altar of Jiyva.
 17677 | D:5      | Killed Tuss's ghost
 17821 | D:10     | Entered Level 10 of the Dungeon
 17836 | D:10     | Found a shimmering blue altar of Sif Muna.
 18220 | D:10     | Noticed Nergalle
 18230 | D:10     | Killed Nergalle
 18231 | D:10     | Reached skill level 17 in Long Blades
 18342 | D:10     | Found a glowing golden altar of the Shining One.
 18523 | D:11     | Identified the +5 scale mail of the Mantidfly {rPois
                  | Stlth+}
 18591 | D:11     | Found a frozen archway.
 18629 | IceCv    | Entered an ice cave
 19102 | IceCv    | Noticed a white draconian
 19118 | IceCv    | Killed a white draconian
 19119 | IceCv    | Reached XP level 14. HP: 125/129 MP: 12/20
 19178 | IceCv    | Received a gift from Okawaru
 19327 | IceCv    | Identified the ring of the Unbearable God {rC+ Int+6}
 19638 | D:11     | Found Jyqoa's Self-Improvement Boutique.
 19647 | D:11     | Bought a manual of Armour for 1040 gold pieces
 20015 | D:11     | Found a staircase to the Orcish Mines.
 20210 | Orc:1    | Entered Level 1 of the Orcish Mines
 20218 | Orc:1    | Reached skill level 1 in Armour
 20797 | Orc:1    | Noticed Maurice
 20829 | Orc:1    | Something stole 41 poisoned darts
 20839 | Orc:1    | Killed Maurice
 20988 | Orc:2    | Entered Level 2 of the Orcish Mines
 21243 | Orc:2    | Noticed an orc warlord
 21284 | Orc:2    | Killed an orc warlord
 21444 | Orc:2    | Noticed Blork the orc
 21468 | Orc:2    | Killed Blork the orc
 22196 | Orc:2    | Found Vakk's Book Shoppe.
 22200 | Orc:2    | Received a gift from Okawaru
 22213 | Orc:2    | Found Kiexett's General Store.
 22216 | Orc:2    | Found Itablur's Antique Weapon Shoppe.
 22235 | Orc:2    | Found Anosoez's Antique Armour Shoppe.
 22288 | Orc:2    | Found Fuguad's Magic Scroll Shop.
 22300 | Orc:2    | Bought a scroll of fear for 56 gold pieces
 22879 | Orc:2    | Found a staircase to the Elven Halls.
 23635 | D:12     | Found a snail-covered altar of Cheibriados.
 24090 | D:13     | Reached skill level 5 in Armour
 24103 | D:13     | Reached skill level 18 in Long Blades
 24143 | D:13     | Found a gate leading to a gauntlet.
 24225 | Gauntlet | Entered a Gauntlet
 24225 | Gauntlet | Found a transporter.
 24238 | Gauntlet | Found a transporter.
 24243 | Gauntlet | Found the ring of the Mage {Wiz Archmagi}
 24249 | Gauntlet | Found a transporter.
 24251 | Gauntlet | Found a large runed translucent door.
 24251 | Gauntlet | Found a large runed translucent door.
 24252 | Gauntlet | Found a large runed translucent door.
 24252 | Gauntlet | Found a large runed translucent door.
 24253 | Gauntlet | Found a large runed translucent door.
 24253 | Gauntlet | Found a large runed translucent door.
 24253 | Gauntlet | Found a runed translucent door.
 24253 | Gauntlet | Found a runed translucent door.
 24253 | Gauntlet | Found a large runed translucent door.
 24254 | Gauntlet | Found a transporter.
 24271 | Gauntlet | Found a transporter.
 24285 | Gauntlet | Found a large runed translucent door.
 24286 | Gauntlet | Found a large runed translucent door.
 24287 | Gauntlet | Found a large runed translucent door.
 24287 | Gauntlet | Found a large runed translucent door.
 24288 | Gauntlet | Found a runed translucent gate.
 24289 | Gauntlet | Found a transporter.
 24289 | Gauntlet | Found a runed translucent gate.
 24290 | Gauntlet | Found a runed translucent gate.
 24291 | Gauntlet | Found a large runed translucent door.
 24291 | Gauntlet | Found a large runed translucent door.
 24292 | Gauntlet | Found a large runed translucent door.
 24293 | Gauntlet | Found a large runed translucent door.
 24301 | Gauntlet | Found a transporter.
 24303 | Gauntlet | Found a large runed translucent door.
 24307 | Gauntlet | Found a transporter.
 24321 | Gauntlet | Identified 3 scrolls of acquirement
 24322 | Gauntlet | Found a transporter.
 24334 | Gauntlet | Found a transporter.
 24346 | Gauntlet | Found a transporter.
 24363 | Gauntlet | Found a transporter.
 24381 | Gauntlet | Found a transporter.
 24383 | Gauntlet | Found a transporter.
 24408 | Gauntlet | Found a transporter.
 24412 | Gauntlet | Found a transporter.
 24412 | Gauntlet | Found a transporter.
 24434 | Gauntlet | Found a transporter.
 24740 | Gauntlet | Identified the ring of Ziosecl Nila {Fly rC+++ rN+ Int-2
                  | Dex+3}
 24956 | Gauntlet | Identified the +0 pair of gloves of the Ward {rF+ Will+
                  | Str+3}
 24970 | Gauntlet | Identified the +0 helmet "Jumal" {-Cast Harm Regen+ Dex+5}
 25584 | D:13     | Received a gift from Okawaru
 25587 | D:13     | Acquired a +2 hat
 25681 | D:13     | Found a gate to the Vaults.
 25919 | D:13     | Noticed Lodul
 25960 | D:13     | Killed Lodul
 26012 | D:13     | Reached XP level 15. HP: 139/139 MP: 22/22
 26331 | D:14     | Found a sparkling altar of Nemelex Xobeh.
 26902 | D:15     | Entered Level 15 of the Dungeon
 26999 | D:15     | Received a gift from Okawaru
 27596 | D:15     | Found a staircase to the Depths.
 27832 | Orc:2    | Bought an encrusted plate armour for 812 gold pieces
 27832 | Orc:2    | Identified the +10 plate armour of Sin {MP+9 Str+4 Dex+3}
                  | (You bought it in a shop on level 2 of the Orcish Mines)
 28238 | Shoals:1 | Entered Level 1 of the Shoals
 28249 | Shoals:1 | Found Jauga's Weapon Shoppe.
 28265 | Shoals:1 | Reached skill level 19 in Long Blades
 28489 | Shoals:1 | Found Wystaug's Book Boutique.
 28494 | Shoals:1 | Found Sautulil's Book Shoppe.
 28842 | Shoals:1 | Found Iluwk's Weapon Shoppe.
 29058 | Shoals:2 | Received a gift from Okawaru
 29141 | Shoals:2 | Reached skill level 10 in Throwing
 29181 | Shoals:2 | Reached skill level 15 in Fighting
 29568 | Shoals:2 | Received a gift from Okawaru
 29644 | Shoals:2 | Reached skill level 10 in Armour
 30455 | Shoals:3 | Reached XP level 16. HP: 135/149 MP: 23/23
 30596 | Shoals:3 | Received a gift from Okawaru
 30659 | Shoals:3 | Reached skill level 20 in Long Blades
 31121 | Shoals:3 | HP: 7/149 [merfolk impaler/+0 demon trident of
                  | electrocution (11)]
 31698 | Shoals:4 | Entered Level 4 of the Shoals
 32630 | Shoals:4 | Received a gift from Okawaru
 32678 | Shoals:4 | Mangled by a formless jellyfish

Illustrated notes

Levels and vault maps discovered:
D:1:      pf_arrival_petrified_forest, layout_loops_ring, minmay_ruptured
D:2:      layout_loops_ring, chequers_ecumenical_altar_twisty
D:3:      layout_loops_ring, minmay_misc_feat_columns
D:4:      corexii_shack_village, layout_rooms, mainiacjoe_overflow_alcove_2,
          serial_shops, shop, nicolae_shop_just_a_little_nook, shop,
          grunt_ministairs_6
D:5:      layout_gridville, minmay_temple_entry_metal_lava,
          biasface_ghost_orc_armoury
D:6:      kennysheep_six_static_rooms, layout_rooms, serial_glass,
          glass_columns_a, glass_columns_c, glass_columns_c, glass_columns_b
D:7:      layout_loops_ring, makhleb_altar_promises_db,
          mainiacjoe_overflow_catch_the_wave
D:8:      layout_cave_pods, nicolae_qazlal_general_emergency,
          mainiacjoe_overflow_boulevard, lemuel_crystal_altar, lair_entry_dummy,
          serial_column_ruins, column_ruins_circle_small, column_ruins_hut,
          column_ruins_columns_corner, column_ruins_open_tiny,
          column_ruins_corridor_corner
D:9:      layout_stronghold, lemuel_round_altar, kennysheep_cross_bottleneck,
          uniq_prince_ribbit1, uniq_erolcha
D:10:     layout_basic, lemuel_tele_altar, mainiacjoe_overflow_alcove_1,
          uniq_nergalle
D:11:     layout_gridville, erik_orc_1, portal_ice_cave_entry_pillars_1,
          nicolae_shop_self_help
D:12:     layout_grid_maze, slow_altar_1
D:13:     layout_roguey, grunt_vaults_entry_tiered, gauntlet_entry_generic,
          chequers_serial_rivers_micro_a, uniq_lodul
D:14:     kennysheep_tiny_hell, layout_basic, nemelex_altar_shiori, uniq_azrael
D:15:     grunt_enter_depths_hoard, layout_cave_pools,
          nicolae_twisty_statue_hallways
Lair:1:   layout_chaotic_city, grunt_megastairs_3, infiniplex_staircase_pool_2,
          lemuel_fruit_tree, uniq_erica, uniq_fannar
Lair:2:   layout_hall_layers, spider_nest_entry_rubble, disabler_island
Lair:3:   layout_gridlike, elwin_shoals_entry_rocks, forest_entry_grove
Lair:4:   layout_regular_city
Lair:5:   gammafunk_lair_ancient_temple, layout_misc_corridors, slime_entry_1,
          nicolae_quartered_pool_little
Shoals:1: layout_shoals, serial_shops, nicolae_shop_just_a_little_nook,
          nicolae_shop_tiny_statue_garden, nicolae_shop_hallway_plus,
          nicolae_shop_real_fake_doors
Shoals:2: layout_shoals
Shoals:3: layout_shoals, nicolae_shoals_stone_sculpture_thing
Shoals:4: shoals_end_grunt_garden, layout_shoals, nicolae_shoals_water_shrine
Orc:1:    layout_diamond_mine, uniq_maurice
Orc:2:    grunt_orc_cross, layout_caves, serial_shops, shop

Skill      XL: |  1  2  3  4  5  6  7  8  9 10 11 12 13 14 15 16 |
---------------+-------------------------------------------------+-----
Long Blades    | 4 5 6 7 8 10 11 13 14 15 17 18 19 20 | 20.0
Fighting       | 4 5 6 7 8 9 11 12 13 14 15 16 | 16.0
Dodging        | 4 5 6 8 9 10 11 12 13 14 | 14.6
Invocations    | 1 2 4 5 6 8 9 10 11 | 11.8
Throwing       | 1 4 6 8 9 10 11 | 11.2
Armour         | 6 10 12 | 12.4

Action                     |  1- 3 |  4- 6 |  7- 9 | 10-12 | 13-15 | 16-18 || total
---------------------------+-------+-------+-------+-------+-------+-------++-------
  Melee: Falchion          |    66 |   143 |   132 |       |       |       ||   341
         Headbutt          |     9 |    25 |    75 |   138 |   331 |    52 ||   630
         Long sword        |       |       |   100 |    20 |       |       ||   120
         Great sword       |       |       |       |   524 |  1337 |   195 ||  2056
         Scimitar          |       |       |       |       |    35 |       ||    35
         Punch             |       |       |       |       |     3 |       ||     3
  Throw: Dart              |       |     4 |     2 |    11 |    32 |       ||    49
         Javelin           |       |       |       |    13 |    27 |    17 ||    57
 Invoke: Heroism           |       |     1 |     6 |    18 |    23 |     3 ||    51
         Finesse           |       |       |       |     5 |     5 |     1 ||    11
  Evoke: Lightning rod     |       |       |       |       |     4 |     4 ||     8
         Wand              |       |       |       |       |     2 |     2 ||     4
    Use: Scroll            |     7 |     3 |    16 |     4 |     9 |     3 ||    42
         Potion            |       |       |     2 |     5 |     2 |     4 ||    13
   Stab: Confused          |       |       |       |     1 |       |       ||     1
         Sleeping          |       |       |       |     1 |     2 |       ||     3
         Invisible         |       |       |       |       |     2 |     1 ||     3
 Armour: Robe              |     8 |       |       |       |       |       ||     8
         Leather armour    |    32 |    79 |   129 |   357 |   764 |   154 ||  1515
         Animal skin       |       |       |       |       |    30 |       ||    30
  Dodge: Dodged            |    41 |    90 |   183 |   484 |  1604 |   474 ||  2876
         Repelled          |       |       |       |       |    26 |    14 ||    40
